 Dungeon Crawl Stone Soup version 0.31-a0-208-gdb31a4691d (webtiles) character file.

Game seed: 6700885255241651252

9892 Monkooky the Carver (level 11, -3/89 HPs)
             Began as a Merfolk Gladiator on June 28, 2023.
             Was an Initiate of Yredelemnul.
             Killed by an exploding elephant (13 damage)
             ... ignited by their inner flame
             ... on level 1 of the Lair of Beasts on June 29, 2023.
             The game lasted 00:22:21 (12579 turns).

Monkooky the Carver (Merfolk Gladiator)            Turns: 12579, Time: 00:22:22

Health: -3/89      AC: 15    Str: 14    XL:     11   Next: 53%
Magic:  17/17      EV: 16    Int:  8    God:    Yredelemnul [......]
Gold:   295        SH:  0    Dex: 20    Spells: 10/10 levels left

rFire   + . .        a - +0 long sword
rCold   . . .        (no shield)
rNeg    . . .        E - +3 ring mail
rPois   .            M - +0 helmet
rElec   .            N - +0 cloak
rCorr   .            (no gloves)
SInv    .            (no boots)
Will    .....        h - amulet of faith
Stlth   +            s - ring of protection from fire
HPRegen 0.34/turn    v - +4 ring of protection
MPRegen 0.15/turn

%: faith
@: no status effects
A: (nimble swimmer 2), mertail
a: Renounce Religion, Recall Undead Harvest


You were on level 1 of the Lair of Beasts.
You worshipped Yredelemnul.
Yredelemnul was aware of your devotion.
You visited 2 branches of the dungeon, and saw 11 of its levels.

You collected 659 gold pieces.
You spent 364 gold pieces at shops.

Inventory:

Hand Weapons
 a - a +0 long sword (weapon)
 K - a +2 great sword of freezing
 O - a +4 great sword
Missiles
 d - 4 throwing nets (quivered)
 e - a javelin
Armour
 b - a +0 leather armour
 c - a +0 helmet
 j - a +0 ring mail
 u - a +4 chain mail
 E - a +3 ring mail (worn)
 M - a +0 helmet (worn)
 N - a +0 cloak (worn)
Jewellery
 h - an amulet of faith (around neck)
 m - an amulet of magic regeneration
 s - a ring of protection from fire (left hand)
 v - a +4 ring of protection (right hand)
 G - a ring of resist corrosion
 L - the amulet "Sugus" {Spirit Str+5}
   (You took it off an orc wizard on level 9 of the Dungeon)

   [amulet of guardian spirit]

   It causes incoming damage to be divided between your reserves of health and
   magic.
   Str:       It affects your strength (+5).
 P - a +6 ring of intelligence
Wands
 B - a wand of flame (20)
 C - a wand of polymorph (7)
 F - a wand of mindburst (1)
Scrolls
 g - 3 scrolls of teleportation
 p - 2 scrolls of enchant weapon
 q - a scroll of fear
 r - a scroll of vulnerability
 x - a scroll of butterflies
 y - a scroll of fog
 J - a scroll of enchant armour
Potions
 f - 3 potions of heal wounds
 i - 3 potions of curing
 k - 3 potions of haste
 l - 2 potions of enlightenment {unknown}
 n - a potion of lignification {unknown}
 o - 2 potions of mutation {unknown}
 t - a potion of brilliance
 z - a potion of ambrosia
 A - 3 potions of might
 D - 2 potions of attraction {unknown}
 H - a potion of degeneration
 I - a potion of cancellation


   Skills:
 - Level 9.3 Fighting
 - Level 14.0 Long Blades
 - Level 2.1 Throwing
 + Level 3.3 Armour
 * Level 9.5 Dodging
 - Level 8.0 Invocations


You had 10 spell levels left.
You didn't know any spells.
Your spell library contained the following spells:

 Spells                   Type           Power      Damage    Failure   Level
 Apportation              Tloc           0%         N/A       65%         1
 Necrotise                Necr           0%         1d4       65%         1
 Slow                     Hex            0%         N/A       65%         1
 Summon Small Mammal      Summ           0%         N/A       65%         1
 Static Discharge         Conj/Air       0%         2-2/arc   78%         2
 Confusing Touch          Hex            0%         N/A       95%         3
 Dazzling Flash           Conj/Hex       0%         N/A       95%         3
 Vampiric Draining        Necr           0%         2d6       95%         3
 Volatile Blastmotes      Fire/Tloc      0%         2d10      95%         3
 Airstrike                Air            0%         2d(0-16)  100%        4
 Iskenderun's Mystic Bla  Conj/Tloc      0%         2d3       100%        4
 Summon Lightning Spire   Summ/Air       0%         N/A       100%        4
 Starburst                Conj/Fire      0%         6d3       100%        6


Dungeon Overview and Level Annotations

Branches:
Dungeon (10/15)            Temple (0/1) D:5            Lair (1/5) D:8
    Orc (0/2) D:10

Altars:
Ashenzari
Cheibriados
Fedhas
Gozag
Kikubaaqudgha
Makhleb
Okawaru
Qazlal
Ru
Sif Muna
Trog
Xom
Yredelemnul
Zin
The Shining One

Shops:
D:5 :   D:7 !

Annotations:
D:10 2 runed translucent doors, exclusion: orange crystal statue
Lair:1 exclusion: oklob plant


Innate Abilities, Weirdness & Mutations

((You are very nimble when in or above water. (Stealth+, EV+, Speed+++)))
Your lower body shifts to a powerful aquatic tail in water.


Message History

The elephant is engulfed in blazing flames.
Flame seeps out of the elephant.
The elephant misses you. The elephant trunk-slaps you.
The elephant is engulfed in blazing flames.
Flame seeps out of the elephant.
You hit the elephant but do no damage.
The elephant is severely wounded.
The elephant tramples you.
You stumble backwards!
You slash the elephant!
Flame seeps out of the elephant.
The elephant is severely wounded.
The elephant attacks as you move away! The elephant tramples you!
* * * LOW HITPOINT WARNING * * *
The elephant trunk-slaps you but does no damage.
Found a potion of curing.
The elephant is engulfed in blazing flames.
Flame seeps out of the elephant.
Unknown command.
You hit the elephant.
Flame seeps out of the elephant.
The elephant is almost dead.
The elephant tramples you but does no damage.
The elephant barely misses you.
The elephant is engulfed in blazing flames.
A black mist starts to gather...
The elephant explodes!
The fiery explosion engulfs you! You resist.
* * * LOW HITPOINT WARNING * * *
The fiery explosion engulfs the elephant!!
Flame seeps out of the elephant.
The elephant is moderately wounded.
The fiery explosion engulfs the elephant!!!
The fiery explosion engulfs your spectral elephant!!!
Your spectral elephant is almost destroyed.
A black mist starts to gather...
The elephant explodes!
The fiery explosion engulfs the elephant!!
Flame seeps out of the elephant.
The elephant is severely wounded.
The fiery explosion engulfs you! You resist.
You die...
Your body rises from the dead as a mindless zombie.

## ##.........
#.#######......... .
##.....##.........
..##.................
!....................
.........Z............
.......§§§Z...........
........○§§...........
.......@Y°§...........
.........§#...........
.........##...........
############........##
#..........#
##........##
##.........#
#.#........#
###........P#


You could see an elephant (inner flame), a spectral elephant (ally target) and a
friendly spectral elephant.

Vanquished Creatures
  Nergalle (D:10)
  3 elephants (Lair:1)
  An unseen horror (D:9)
  A troll (D:10)
  2 wyverns
  Sigmund (D:3)
  A vampire (D:9)
  5 yaks (D:10)
  2 acid dragons
  2 water moccasins
  An ice beast (D:6)
  2 orc warriors
  2 sky beasts
  A black bear (D:4)
  An ogre (D:4)
  2 wolves (D:9)
  4 centaurs
  A kobold brigand (D:10)
  5 bullfrogs
  9 wights
  11 killer bees (D:8)
  2 howler monkeys
  2 hounds
  2 jellies
  5 orc priests
  A sleepcap (D:5)
  Jessica (D:2)
  Natasha (twice) (D:4)
  A gnoll bouda (D:9)
  4 iguanas
  7 orc wizards
  Ijyb (D:5)
  8 gnolls
  8 adders
  A white imp (D:5)
  A worm (D:4)
  2 dart slugs
  21 orcs
  6 ball pythons
  2 endoplasms
  2 giant cockroaches
  4 goblins (D:1)
  8 hobgoblins
  6 jackals
  9 kobolds
  4 quokkas
  6 bats
  3 frilled lizards
  3 rats
180 creatures vanquished.

Vanquished Creatures (collateral kills)
  A two-headed ogre (D:10)
  A skeletal warrior (D:10)
  A deep elf pyromancer (D:10)
  An ugly thing (D:10)
  A troll (shapeshifter) (D:10)
  A culicivora (shapeshifter) (D:10)
  A yak (D:10)
  Grum (D:9)
  An acid dragon (D:9)
  An ice beast (D:4)
  2 bullfrogs (Lair:1)
  A wight (D:8)
  3 killer bees (D:8)
  A howler monkey (D:6)
  2 orc priests
  An iguana (D:6)
  Natasha (D:4)
  2 orc wizards
  A gnoll (D:6)
  An adder (D:5)
  A white imp (D:6)
  An ufetubus (D:5)
  5 orcs
  A ball python (D:4)
  2 kobolds
35 creatures vanquished.

Vanquished Creatures (others)
  A two-headed ogre zombie (D:10)
  5 yak zombies (D:10)
  3 bullfrog zombies (Lair:1)
  A centaur zombie (D:8)
  4 killer bee zombies (D:8)
  An acid dragon zombie (D:10)
  An ice beast zombie (D:6)
  2 howler monkey zombies
  4 adder zombies (D:6)
  An iguana zombie (D:6)
  A jelly zombie (D:6)
  A bat zombie (D:3)
  2 ball python zombies
  A giant cockroach zombie (D:3)
  3 gnoll zombies (D:6)
  4 hobgoblin zombies
  5 kobold zombies
  5 orc zombies
  A quokka zombie (D:5)
  A spectral ufetubus (D:5)
47 creatures vanquished.

Grand Total: 262 creatures vanquished

Notes
Turn   | Place    | Note
-------+----------+-------------------------------------------
     0 | D:1      | Monkooky the Merfolk Gladiator began the quest for the Orb.
     0 | D:1      | Reached XP level 1. HP: 16/16 MP: 1/1
    86 | D:1      | Reached skill level 4 in Long Blades
    86 | D:1      | Reached XP level 2. HP: 21/23 MP: 2/2
   500 | D:1      | Reached XP level 3. HP: 25/28 MP: 3/3
   928 | D:2      | Reached skill level 5 in Long Blades
  1281 | D:2      | Noticed Jessica
  1294 | D:2      | Killed Jessica
  1295 | D:2      | Reached XP level 4. HP: 20/34 MP: 4/4
  1603 | D:3      | Found a blossoming altar of Fedhas.
  1603 | D:3      | Found a basalt altar of Yredelemnul.
  1639 | D:3      | Became a worshipper of Yredelemnul the Dark
  1922 | D:3      | Reached * piety under Yredelemnul
  1962 | D:3      | Noticed Sigmund
  1984 | D:3      | Killed Sigmund
  1985 | D:3      | Reached skill level 7 in Long Blades
  1985 | D:3      | Reached XP level 5. HP: 17/39 MP: 5/5
  1985 | D:3      | Reached XP level 6. HP: 20/45 MP: 6/6
  1996 | D:3      | Reached skill level 8 in Long Blades
  2197 | D:3      | Reached ** piety under Yredelemnul
  2296 | D:3      | Reached *** piety under Yredelemnul
  2867 | D:4      | Found a sacrificial altar of Ru.
  2884 | D:4      | Noticed Natasha
  2895 | D:4      | Killed Natasha
  2954 | D:4      | Noticed Natasha
  2962 | D:4      | Killed Natasha
  2963 | D:4      | Reached skill level 9 in Long Blades
  3043 | D:4      | Reached XP level 7. HP: 49/51 MP: 7/7
  3153 | D:4      | Found a broken altar of Ashenzari.
  3200 | D:4      | Reached skill level 10 in Long Blades
  3286 | D:4      | Noticed Natasha
  3290 | D:4      | Reached **** piety under Yredelemnul
  3292 | D:4      | Killed Natasha
  3297 | D:4      | Found a shimmering altar of Xom.
  3475 | D:5      | Entered Level 5 of the Dungeon
  3499 | D:5      | Found Jeulaug's Book Boutique.
  3586 | D:5      | Reached skill level 11 in Long Blades
  3586 | D:5      | Reached XP level 8. HP: 50/57 MP: 8/8
  3906 | D:5      | Found a staircase to the Ecumenical Temple.
  3966 | D:5      | Noticed Ijyb
  3975 | D:5      | Killed Ijyb
  4430 | D:6      | Reached skill level 5 in Fighting
  4430 | D:6      | Reached skill level 12 in Long Blades
  5197 | D:6      | Reached XP level 9. HP: 40/68 MP: 9/9
  5888 | D:7      | Found a stormy altar of Qazlal.
  6236 | D:7      | Found Mazokk's Distillery.
  6244 | D:7      | Bought a potion of degeneration for 13 gold pieces
  6244 | D:7      | Bought a potion of heal wounds for 65 gold pieces
  6244 | D:7      | Bought a potion of haste for 130 gold pieces
  6244 | D:7      | Bought a potion of might for 52 gold pieces
  6244 | D:7      | Bought a potion of cancellation for 104 gold pieces
  6581 | D:8      | Found a staircase to the Lair.
  6601 | D:8      | Reached skill level 13 in Long Blades
  7026 | D:8      | Reached skill level 14 in Long Blades
  7026 | D:8      | Reached XP level 10. HP: 50/82 MP: 10/10
  7425 | D:8      | Reached ***** piety under Yredelemnul
  7513 | D:8      | Found a shimmering blue altar of Sif Muna.
  7703 | D:9      | Found an opulent altar of Gozag.
  7776 | D:9      | Found an iron altar of Okawaru.
  7794 | D:9      | Reached skill level 1 in Invocations
  7878 | D:9      | Noticed Grum
  7902 | D:9      | Killed Grum
  8212 | D:9      | Identified the amulet "Sugus" {Spirit Str+5} (You took it
                  | off an orc wizard on level 9 of the Dungeon)
  8484 | D:9      | Found a burning altar of Makhleb.
  8488 | D:9      | Found a glowing silver altar of Zin.
  8488 | D:9      | Noticed an angel
  8488 | D:9      | Noticed a cacodemon
  8524 | D:9      | Found an ancient bone altar of Kikubaaqudgha.
  8524 | D:9      | Found a glowing golden altar of the Shining One.
  8531 | D:9      | Reached skill level 5 in Invocations
  9270 | D:9      | Found a snail-covered altar of Cheibriados.
  9278 | D:9      | Found a bloodstained altar of Trog.
  9404 | D:10     | Entered Level 10 of the Dungeon
  9648 | D:9      | Killed an unseen horror
 10109 | D:10     | Noticed a two-headed ogre
 10124 | D:10     | Killed a two-headed ogre
 10125 | D:10     | Reached skill level 1 in Armour
 10125 | D:10     | Reached skill level 5 in Dodging
 10125 | D:10     | Reached XP level 11. HP: 27/89 MP: 17/17
 10324 | D:10     | Found a staircase to the Orcish Mines.
 10468 | D:10     | Found a runed translucent door.
 10475 | D:10     | Noticed an orange crystal statue
 10475 | D:10     | Found the +10 tower shield of Ignorance {rN+ Int-4}
 10508 | D:10     | Noticed Nergalle
 10511 | D:10     | Found a runed translucent door.
 10529 | D:10     | Killed Nergalle
 11524 | D:10     | Identified the +1 arbalest "Jish" {flame, *Corrode rN+
                  | Str+9 Dex-3}
 11587 | D:10     | Noticed a deep elf pyromancer
 11599 | D:10     | Killed a deep elf pyromancer
 11761 | D:10     | Noticed a skeletal warrior
 11761 | D:10     | Noticed a red ugly thing
 11771 | D:10     | Killed a red ugly thing
 11777 | D:10     | Killed a skeletal warrior
 12309 | Lair:1   | Entered Level 1 of the Lair of Beasts
 12562 | Lair:1   | Noticed an oklob plant
 12579 | Lair:1   | Killed by an exploding elephant... ignited by their inner
                  | flame

Illustrated notes

Levels and vault maps discovered:
D:1:      lemuel_arrival_river_ford, layout_loops_cross, kennysheep_flooded_box,
          corexii_hall_statues_i
D:2:      layout_basic, uniq_jessica
D:3:      minmay_chambers_of_twos, layout_basic,
          gammafunk_temple_overflow_statue, minmay_fountain_box, nicolae_titane,
          uniq_sigmund
D:4:      layout_cave_pools, mainiacjoe_overflow_tiny_flanked,
          mainiacjoe_overflow_surrounded_room, mainiacjoe_overflow_alcove_2,
          uniq_natasha
D:5:      layout_basic, temple_pool_b, serial_shops, nicolae_book_shop_shelving,
          uniq_ijyb
D:6:      layout_cave_pods
D:7:      layout_loops_corners, overflow_temple_1_default, serial_shops, shop
D:8:      layout_basic, mainiacjoe_overflow_alcove_1, lair_entry_dummy
D:9:      layout_basic, grunt_temple_overflow_order_and_chaos_2,
          kennysheep_mini_moat, jmf_multi_god_temple,
          mainiacjoe_overflow_big_doors, okawaru_trees_2, grunt_ministairs_15,
          uniq_grum
D:10:     minmay_tri_box, layout_layer_cave, orc_0_dummy,
          chequers_guarded_unrand_ignorance, uniq_nergalle
Lair:1:   layout_hall_layers, gammafunk_ghost_split,
          hellmonk_guarded_unrand_vines

Skill      XL: |  1  2  3  4  5  6  7  8  9 10 11 |
---------------+----------------------------------+-----
Long Blades    | 4 5 7 9 11 12 14 | 14.0
Fighting       | 5 8 9 |  9.3
Invocations    | 8 |  8.0
Armour         | 1 3 |  3.3
Dodging        | 5 9 |  9.5
Throwing       | |  2.1

Action                     |  1- 3 |  4- 6 |  7- 9 | 10-12 || total
---------------------------+-------+-------+-------+-------++-------
  Melee: Long sword        |    82 |    98 |   384 |   322 ||   886
         Punch             |     5 |       |     4 |     4 ||    13
  Throw: Javelin           |       |       |       |     1 ||     1
         Throwing net      |       |       |       |     4 ||     4
 Invoke: Recall Undead Har |       |       |       |     4 ||     4
         Dark Bargain      |       |       |       |     2 ||     2
  Evoke: Wand              |       |       |       |     1 ||     1
    Use: Potion            |       |     3 |     2 |     1 ||     6
         Scroll            |       |       |     8 |     4 ||    12
   Stab: Distracted        |       |       |     1 |     2 ||     3
 Armour: Leather armour    |    15 |       |       |       ||    15
         Ring mail         |    12 |    19 |    96 |   176 ||   303
         Chain mail        |       |    48 |   128 |       ||   176
  Dodge: Dodged            |    72 |    64 |   197 |   238 ||   571

Table legend: (Time is in decaauts)
 A = Elapsed time spent in this place.
 B = Non-inter-level travel time spent in this place.
 C = Inter-level travel time spent in this place.
 D = Time resting spent in this place.
 E = Time spent auto-exploring this place.
 F = Levels seen in this place.
 G = Mean time per level.
                   A        B        C        D        E       F      G
               +--------+--------+--------+--------+--------+-----+--------+
         Total |  13624 |  13177 |    447 |   1901 |   9267 |  11 | 1238.5 |
       Dungeon |  13502 |  13056 |    446 |   1901 |   9209 |  10 | 1350.2 |
          Lair |    122 |    122 |      0 |      0 |     58 |   1 |  122.0 |
               +--------+--------+--------+--------+--------+-----+--------+

Top non-repeatable levels by time:
    D:10: 2752 daAuts
     D:9: 2329 daAuts
     D:6: 1480 daAuts
     D:8: 1412 daAuts
     D:3: 1280 daAuts
     D:7: 1138 daAuts
     D:5: 903 daAuts
     D:1: 885 daAuts
     D:2: 716 daAuts
     D:4: 602 daAuts
  Lair:1: 122 daAuts
